AoeStats
← Done

Nomad

510186549Analyzed
3v3 RM · 1d ago on Sep 29, 2026· 28m 11s· 6 players
Game mode
Random Map
Map size
210×210
Population
200
Speed
Normal
Resources
Standard
Victory
Conquest
Starting age
Dark Age
Ending age
Imperial Age
RankedLock teamsTeams togetherTeam positionsShared explorationLock speedFull tech treeHidden civsTurbo modeCheats
Victory
Defeat
🇺🇸 Khmer · United States
952
+11
🇺🇸 Varangians · United States
831
+16
🇺🇸 Danes · United States
829
+16
🇮🇹 Chinese · Italy
868
-17
🇬🇧 Georgians · United Kingdom
832
-14
🇬🇧 Celts · United Kingdom
784
-12
TheBunjiMunji
6:31 Loom
14:58 Feudal Age
20:40 Castle Age
18:39 Horse Collar
18:45 Double-Bit Axe
20:01 Gold Mining
23:19 Fletching
24:00 Bodkin Arrow
RatMaster
12:53 Loom
16:11 Feudal Age
16:46 Horse Collar
17:22 Double-Bit Axe
21:15 Town Watch
24:08 Castle Age
23:07 Gold Mining
26:22 Scale Mail Armor
Done
9:35 Loom
15:45 Feudal Age
16:25 Town Watch
18:48 Fishing Lines
18:58 Double-Bit Axe
22:48 Castle Age
25:31 Gold Mining
26:19 Wheelbarrow
27:53 Hand Cart
Po bear8617
6:31 Loom
7:46 Loom
15:27 Feudal Age
17:56 Double-Bit Axe
18:50 Bloodlines
18:52 Town Watch
23:20 Castle Age
21:49 Horse Collar
22:41 Scale Barding Armor
22:44 Stone Mining
25:29 Forging
28:08 Medium Warships
28:36 Gold Mining
XxMrKr0NiC420xX
8:22 Loom
14:51 Feudal Age
19:52 Castle Age
17:59 Double-Bit Axe
17:57 Horse Collar
21:05 Bloodlines
23:26 Light Cavalry
24:07 Husbandry
24:18 Bloodlines
Ruhkis408
5:04 Loom
21:51 Feudal Age
26:26 Castle Age
24:33 Fishing Lines
28:14 Wheelbarrow
27:27 Double-Bit Axe
27:38 Gold Mining
27:39 Stone Mining
Connection lost

Rejoining the realm…

Still unreachable

The connection could not be restored.

Session expired

The server has moved on; the page needs a fresh start.